AoeStats
← 凉拌皮蛋

African Clearing

503956256Analyzed
4v4 RM · 29d ago on Sep 3, 2026· 47m 24s· 8 players
Game mode
Random Map
Map size
Large (8 player)
Population
200
Speed
Normal
Resources
Standard
Victory
Conquest
Starting age
Dark Age
Ending age
Imperial Age
RankedLock teamsTeams togetherTeam positionsShared explorationLock speedFull tech treeHidden civsTurbo modeCheats
Victory
Defeat
🇲🇽 Bengalis · Mexico
1630
+11
🇨🇳 Spanish · China
1609
+12
🇲🇽 Hindustanis · Mexico
1608
+12
🇨🇳 Mongols · China
1506
+17
🇨🇳 Berbers · China
1553
-14
🇦🇷 Huns · Argentina
1546
-14
🇹🇼 Magyars · Taiwan
1529
-13
🇹🇼 Mongols · Taiwan
1486
-11
绿油精点眼睛
5:20 Loom
14:09 Feudal Age
16:24 Double-Bit Axe
17:17 Town Watch
18:11 Fletching
27:14 Castle Age
27:04 Padded Archer Armor
28:47 Bow Saw
33:14 Horse Collar
39:55 Bodkin Arrow
46:04 Wheelbarrow
46:39 Gold Mining
46:39 Stone Mining
[Fx、]AirDk
4:26 Loom
14:18 Feudal Age
18:22 Castle Age
16:30 Double-Bit Axe
16:58 Stone Mining
18:36 Fletching
19:50 Bodkin Arrow
20:09 Bow Saw
22:28 Wheelbarrow
22:50 Padded Archer Armor
22:43 Gold Mining
26:17 Leather Archer Armor
26:37 Town Watch
28:58 Ballistics
29:39 Horse Collar
31:07 Heavy Plow
32:13 Husbandry
32:31 Bloodlines
33:30 Thumb Ring
38:31 Imperial Age
37:51 Hand Cart
38:36 Stone Shaft Mining
39:25 Bracer
40:35 Chemistry
41:27 Ring Archer Armor
40:43 Treadmill Crane
41:36 Elite Camel Archer
43:06 Kasbah
45:16 Conscription
47:06 Gold Shaft Mining
47:06 Masonry
48:04 Maghrebi Camels
歐吉桑
13:10 Feudal Age
13:58 Double-Bit Axe
16:47 Castle Age
18:19 Bow Saw
19:01 Horse Collar
20:59 Loom
26:32 Fletching
28:06 Padded Archer Armor
31:44 Wheelbarrow
31:29 Bodkin Arrow
32:47 Town Watch
34:19 Leather Archer Armor
34:53 Ballistics
36:11 Hand Cart
43:00 Imperial Age
40:57 Husbandry
41:08 Bloodlines
41:02 Town Patrol
42:12 Heavy Plow
43:07 Gold Mining
43:08 Stone Mining
43:14 Elite Mangudai
44:14 Conscription
45:19 Chemistry
44:21 Bracer
amtiky
12:33 Loom
14:51 Feudal Age
27:58 Fletching
35:44 Double-Bit Axe
35:40 Horse Collar
35:54 Horse Collar
41:46 Castle Age
40:23 Gold Mining
40:24 Stone Mining
43:54 Scale Barding Armor
45:44 Bow Saw
45:35 Heavy Plow
YYQ
10:20 Loom
12:56 Feudal Age
17:40 Castle Age
15:57 Double-Bit Axe
16:17 Horse Collar
18:47 Bow Saw
18:46 Town Watch
21:29 Padded Archer Armor
22:35 Heavy Plow
25:58 Wheelbarrow
27:58 Bloodlines
29:12 Husbandry
30:09 Leather Archer Armor
33:54 Imperial Age
32:16 Hand Cart
33:15 Gold Mining
33:16 Stone Mining
34:32 Stone Shaft Mining
33:58 Elite Conquistador
35:11 Ring Archer Armor
35:45 Two-Man Saw
35:23 Conscription
35:51 Ballistics
36:31 Chemistry
37:59 Coinage
39:00 Supremacy
39:12 Banking
38:51 Scale Barding Armor
38:56 Forging
40:23 Chain Barding Armor
40:17 Town Patrol
42:26 Plate Barding Armor
42:27 Iron Casting
46:01 Blast Furnace
45:09 Light Cavalry
46:07 Hussar
凉拌皮蛋
6:40 Loom
11:32 Feudal Age
14:07 Fletching
17:32 Horse Collar
17:38 Double-Bit Axe
18:32 Wheelbarrow
26:16 Castle Age
25:47 Bloodlines
ferminsin
8:28 Loom
10:58 Feudal Age
12:13 Double-Bit Axe
17:57 Forging
25:17 Castle Age
23:59 Scale Barding Armor
24:46 Bloodlines
25:23 Light Cavalry
26:34 Chain Barding Armor
35:57 Wheelbarrow
36:18 Husbandry
37:32 Horse Collar
38:05 Bow Saw
40:35 Imperial Age
38:53 Gold Mining
40:13 Town Watch
42:03 Plate Barding Armor
41:20 Heavy Camel Rider
42:54 Heavy Plow
44:00 Iron Casting
44:34 Imperial Camel Rider
ferdago308
6:22 Loom
13:13 Feudal Age
17:05 Castle Age
15:19 Double-Bit Axe
21:27 Fletching
21:57 Bow Saw
30:09 Bodkin Arrow
33:25 Padded Archer Armor
35:22 Ballistics
37:50 Wheelbarrow
42:53 Imperial Age
43:14 Hand Cart
44:03 Gold Mining
45:15 Two-Man Saw
44:12 Elite Elephant Archer
45:37 Bracer
45:53 Leather Archer Armor
Connection lost

Rejoining the realm…

Still unreachable

The connection could not be restored.

Session expired

The server has moved on; the page needs a fresh start.